cohdb
Replays
Latest Replays
All Replays
Popular Replays
Top Player Replays
Match Explorer
How It Works
Community
CoH3 Stats
Reddit
Sign in to upload your games and track your stats! →
Sign in with Steam
Match 48387385
Unlisted
Match 48387385
Overview
Messages
Build Orders
End
Engineer Squad
Engineer Squad
Selects Armored Battlegroup
Selects Veteran Crews
Construct Barracks
Riflemen Squad
1⁄4-ton 4x4 Truck
Riflemen Squad
Infantry Support Center
Selects M31 Recovery Vehicle
Construct Medical Station
Riflemen Squad
Construct Motor Pool
KevinTDW
CTRL ALT DEFEAT
0
0
Comments
sign in to comment!
No comments posted yet!